Map: Temple gelé

Players

Bluebaron - Winner!

  • Race: Terran Terran
  • League: Platinum
  • Spawn Location: 5:00

zidar

  • Race: Zerg Zerg
  • League: Platinum
  • Spawn Location: 11:00

VOD

Have the link to the VOD?

Description

Time

  • Played on: Oct. 19, 2016, 2:07 p.m.
  • Length: 6:32
Show
View Real Time Build Order
Export as new Build Order

Bluebaron Terran - Winner!

Build Orders:  

Get SALT Encoding   

  12  0:01  SCV  
  13  0:13  SCV  
  14  0:22  Supply Depot  
  14  0:25  SCV  
  15  0:49  Engineering Bay  
  15  0:50  Engineering Bay  
  15  1:01  Barracks  
  15  1:12  SCV  
  15  1:15  Refinery  
  16  1:20  Refinery  
  16  1:24  SCV  
  17  1:36  SCV  
  18  1:46  Supply Depot  
  18  1:51  Orbital Command  
  18  1:55  Marine  
  19  2:17  SCV  
  20  2:26  Marine  
  20  2:29  SCV  
  22  2:39  Factory  
  22  2:42  Factory, SCV  
  23  2:54  Barracks Reactor  
  23  3:16  SCV  
  24  3:30  Supply Depot  
  24  3:33  Supply Depot  
  24  3:34  Supply Depot  
  24  3:35  Supply Depot  
  24  3:37  Marine x2  
  26  3:45  Factory Reactor x2  
  26  3:51  Armory  
  26  3:55  Marine x2, Supply Depot  
  28  3:58  Supply Depot  
  28  4:13  Marine x2  
  30  4:30  Hellion  
  30  4:31  Hellion x3  
  38  4:33  Marine  
  38  4:34  Marine  
  40  4:51  Marine  
  40  4:52  Marine, Hellion x4  
  50  5:10  Marine x2  
  50  5:13  Hellion x2  
  50  5:14  Hellion x2  
  60  5:32  Marine x2  
  60  5:35  Hellion x4  
  70  5:56  Hellion x2  
  78  6:02  Marine  
  78  6:04  Widow Mine x2  
  79  6:14  Marine  
Show
View Real Time Build Order
Export as new Build Order

zidar Zerg 

Build Orders: Hatch First 

Get SALT Encoding   

  12  0:01  Drone  
  13  0:12  Overlord  
  13  0:18  Drone  
  14  0:30  Drone x2  
  16  1:02  Extractor  
  15  1:05  Hatchery  
  15  1:09  Spawning Pool  
  13  1:20  Drone  
  13  1:21  Drone  
  13  1:23  Drone  
  16  1:31  Drone  
  17  1:44  Drone  
  18  1:53  Drone  
  18  2:09  Queen  
  18  2:10  Metabolic Boost  
  20  2:17  Queen  
  20  2:19  Drone x2  
  24  2:27  Zergling x2  
  24  2:28  Zergling x2  
  27  2:37  Zergling x2  
  27  2:44  Drone  
  28  2:46  Overlord  
  28  3:11  Roach Warren  
  27  3:13  Extractor  
  27  3:14  Overlord  
  27  3:18  Drone  
  27  3:19  Drone  
  28  3:45  Overlord  
  28  3:48  Lair  
  28  3:51  Roach  
  28  3:52  Roach x3  
  36  4:04  Pneumatized Carapace  
  36  4:16  Drone x3  
  36  4:17  Drone x4  
  43  4:29  Evolution Chamber  
  43  4:30  Evolution Chamber  
  41  4:35  Drone  
  41  4:36  Drone x2  
  41  4:37  Overlord  
  44  4:59  Overlord  
  44  5:00  Overlord  
  44  5:18  Overlord x2  
  44  5:21  Roach  
  44  5:22  Roach x2  
  44  5:24  Roach  
  52  5:32  Overseer  
  52  5:33  Drone x3  
  55  5:49  Drone x4  
  59  5:54  Roach x5  
  59  5:57  Ravager x2  
  71  5:58  Ravager  
  71  6:03  Overlord  
Tags
 
Add a new tag
Caveats
  • Supply blocks, unpowered buildings, or Contaminate may cause inaccurate times.
  • Supply counts are checked every 10 seconds.